 Dungeon Crawl Stone Soup version 0.21.1-1-g345015f (webtiles) character file.

99374 GuyDeFluk the Warrior (level 16, -5/116 HPs)
             Began as a Gargoyle Fighter on Mar 23, 2018.
             Was the Champion of Okawaru.
             Slain by a two-headed ogre
             ... wielding a +0 giant club
              (16 damage)
             ... on level 15 of the Dungeon on Mar 27, 2018.
             The game lasted 03:19:10 (36317 turns).

GuyDeFluk the Warrior (Gargoyle Fighter)           Turns: 36317, Time: 03:19:11

Health: -5/116     AC: 35    Str: 26    XL:     16   Next: 24%
Magic:  16/16      EV: 10    Int: 12    God:    Okawaru [******]
Gold:   1255       SH: 16    Dex:  9    Spells: 15/15 levels left

rFire    + . .     SeeInvis +   H - +1 morningstar (drain)
rCold    . . .     Gourm    +   c - +2 shield
rNeg     + + +     Faith    .   z - +6 ring mail of the Eight of Wands {+Inv rN++ Int+2}
rPois    ∞         Spirit   .   g - +2 helmet
rElec    +         Reflect  .   F - +1 cloak {+Inv}
rCorr    .         Harm     .   (no gloves)
MR       +....                  x - +1 pair of boots {run}
Stlth    ..........             j - amulet of the gourmand
HPRegen  0.29/turn              D - ring of protection from fire
MPRegen  0.15/turn              l - ring of see invisible

@: about to teleport, flying, quick
A: big wings, negative energy resistance 1, electricity resistance, unbreathing,
petrification resistance, rot immunity, AC +12
a: Stop Flying, Heroism, Finesse, Renounce Religion, Evoke Invisibility


You were on level 15 of the Dungeon.
You worshipped Okawaru.
Okawaru was exalted by your worship.
You were full.

You visited 4 branches of the dungeon, and saw 24 of its levels.

You collected 2419 gold pieces.
You spent 1164 gold pieces at shops.

Inventory:

Hand Weapons
 B - a +2 eveningstar of protection
 H - a +1 morningstar of draining (weapon)
 L - a +1 great mace of holy wrath
 O - a +4 flail of freezing
Missiles
 i - 27 tomahawks (quivered)
Armour
 c - a +2 shield (worn)
 g - a +2 helmet (worn)
 k - +0 acid dragon scales
 x - a +1 pair of boots of running (worn)
 z - the +6 ring mail of the Eight of Wands (worn) {+Inv rN++ Int+2}
   (You bought it in a shop on level 2 of the Orcish Mines)

   It affects your intelligence (+2).
   It greatly protects you from negative energy.
   It lets you turn invisible.
 F - a +1 cloak of invisibility (worn)
 I - the +0 plate armour of Bosees {Int+4 Stlth+}
   (Okawaru gifted it to you on level 2 of the Lair of Beasts)

   It affects your intelligence (+4).
   It makes you more stealthy.
Jewellery
 j - an amulet of the gourmand (around neck)
 l - a ring of see invisible (right hand)
 s - a +4 ring of strength
 y - a +4 ring of dexterity
 C - a cursed -3 ring of evasion
 D - a ring of protection from fire (left hand)
 M - a cursed amulet of faith
 P - a +6 ring of evasion
Wands
 a - a wand of acid (7)
 d - a wand of enslavement (32)
 w - a wand of flame (18)
 A - a wand of iceblast (38)
 E - a wand of random effects (41)
 G - a wand of paralysis (15)
Scrolls
 e - 3 scrolls of enchant armour
 h - 2 scrolls of teleportation
 n - 3 scrolls of remove curse
 q - 3 scrolls of identify
 u - a scroll of fog
 v - 5 scrolls of magic mapping
Potions
 b - a potion of cancellation
 m - 2 potions of brilliance
 o - 4 potions of curing
 p - 4 potions of agility
 r - a potion of invisibility {unknown}
 t - 2 potions of ambrosia
 K - 2 potions of mutation
Comestibles
 f - 33 rations


   Skills:
 * Level 18.7 Fighting
 + Level 12.9 Maces & Flails
 + Level 14.2 Armour
 - Level 0.1 Dodging
 + Level 14.1 Shields


You had 15 spell levels left.
You didn't know any spells.

Dungeon Overview and Level Annotations

Branches:
Dungeon (15/15)            Temple (1/1) D:6            Lair (6/6) D:9
  Snake (0/4) Lair:3        Slime (0/5) Lair:5          Orc (2/2) D:9
    Elf (0/3) Orc:2        Vaults (0/5) D:13
  Swamp: Lair:2-4    Shoals: Lair:2-4    Depths: D:15

Altars:
Ashenzari
Cheibriados
Dithmenos
Elyvilon
Fedhas
Hepliaklqana
Kikubaaqudgha
Makhleb
Nemelex Xobeh
Okawaru
Qazlal
Ru
Sif Muna
Trog
Uskayaw
Vehumet
Wu Jian
Xom
Yredelemnul
Zin
The Shining One

Shops:
D:14 (   Orc:2 ?*%%

Annotations:
Lair:2 exclusion: oklob plant
Lair:3 Kirke
Lair:5 exclusion: oklob plant


Innate Abilities, Weirdness & Mutations

You are resistant to torment.
Your stone body is resilient. (AC +12)
You are immune to poison.
Your large and strong wings let you fly indefinitely.
You resist negative energy. (rN+)
You are resistant to electric shocks. (rElec)
You can survive without breathing.
You are immune to petrification.
You are immune to rotting.


Message History

The two-headed ogre is severely wounded.
You block the two-headed ogre's attack.
The two-headed ogre hits you with a giant club!
* * * LOW HITPOINT WARNING * * *
You block the two-headed ogre's attack. x2
The two-headed ogre hits you but does no damage.
The two-headed ogre hits you with a giant club.
* * * LOW HITPOINT WARNING * * *
As you read the scroll of fog, it crumbles to dust.
The scroll dissolves into smoke.
You block the two-headed ogre's attack. x2
As you read the scroll of teleportation, it crumbles to dust.
You feel strangely unstable. The two-headed ogre barely misses you.
You block the two-headed ogre's attack.
The two-headed ogre hits you with a giant club!
* * * LOW HITPOINT WARNING * * *
The two-headed ogre hits you with a giant spiked club!
* * * LOW HITPOINT WARNING * * *
You block the two-headed ogre's attack.
The two-headed ogre hits you with a giant club!
You die...

###### ##.....##
#.....§§####+#######
#..##'##OO#.......... #.
#@O#.......... #.
#§§#.......... ...#..
#§§#..........
#....#..#####..###..###...
#....##....)..####..##
#.....##.).).##......#
..uu...
####......###'###.......#
......
...............#........#
.u....
...............#........#
......


You could see 3 two-headed ogres.

Vanquished Creatures
  An orc warlord (Orc:2)
  Azrael (D:13)
  An ettin (D:9)
  A rakshasa (D:14)
  The ghost of PipsiMox the Carver, a journeyman MiFi of Wu Jian (D:11)
  8 vault guards (D:13)
  5 hydras
  A catoblepas (D:14)
  A death knight (D:12)
  An ogre mage (D:15)
  5 two-headed ogres
  3 orc high priests (Orc:2)
  3 tengu warriors (D:13)
  2 unseen horrors
  The ghost of derrymb the Thaumaturge, a novice GnWz of Vehumet (D:6)
  4 orc knights (Orc:2)
  2 phantasmal warriors (D:12)
  4 deep elf magi
  6 orc sorcerers
  17 ugly things
  2 cyclopes
  3 manticores
  3 naga magi (D:15)
  14 elephants
  A water nymph (shapeshifter) (D:12)
  5 black mambas
  3 spiny frogs
  3 rime drakes
  A freezing wraith (D:12)
  8 komodo dragons
  A yaktaur (D:13)
  5 trolls
  3 meliai
  A merfolk (Lair:2)
  6 polar bears
  Grinder (D:5)
  4 hornets (Lair:6)
  A dream sheep (Lair:6)
  6 slime creatures
  23 blink frogs
  3 hippogriffs
  A shadow (D:11)
  3 wraiths
  11 spriggans (Lair:6)
  64 yaks
  A wyvern (D:15)
  A basilisk (Lair:2)
  Eustachio (D:5)
  A steam dragon (D:11)
  A human (D:7)
  11 vampire mosquitoes
  3 fire elementals (D:13)
  9 hogs
  4 hungry ghosts
  2 wargs (D:9)
  Menkaure (D:5)
  2 acid dragons
  A soldier ant (D:14)
  3 nagas (Lair:3)
  5 hell hounds (D:13)
  11 water moccasins
  5 porcupines
  6 sky beasts
  30 orc warriors
  5 phantoms
  2 black bears
  5 ice beasts
  16 ogres
  39 wolves
  5 boggarts (Lair:6)
  An eye of draining (D:13)
  12 centaurs
  18 crocodiles
  The ghost of wojtek the Firebug, an amateur DsFE (D:3)
  2 big kobolds
  13 bullfrogs
  A wyvern zombie (D:13)
  A wyvern skeleton (D:14)
  6 scorpions
  15 killer bees
  14 wights
  3 electric eels (Lair:3)
  3 howler monkeys (D:11)
  4 bullfrog zombies
  11 crimson imps
  6 centaur zombies
  21 orc priests
  A gnoll shaman (D:10)
  5 hounds
  15 jellies
  24 orc wizards
  A bullfrog skeleton (D:4)
  2 centaur skeletons
  3 iguanas
  13 worker ants
  3 hound zombies
  3 hound skeletons
  Robin (D:3)
  2 howler monkey skeletons
  13 adders
  8 gnolls
  A river rat (D:3)
  5 shadow imps
  11 oozes
  2 worms
  A dart slug (D:4)
  3 leopard geckos
  96 orcs
  2 ball pythons
  9 giant cockroaches
  23 goblins
  10 hobgoblins
  14 jackals
  2 quokkas
  A ball python skeleton (D:4)
  7 bats
  4 frilled lizards
  A giant cockroach zombie (D:6)
  20 kobolds
  A leopard gecko skeleton (D:4)
  A leopard gecko zombie (D:5)
  A quokka skeleton (D:6)
  16 rats
  2 plants
873 creatures vanquished.

Vanquished Creatures (others)
  A wight (D:13)
  A jelly (D:11)
  An orc wizard (Orc:2)
  3 bushes
  20 fungi
  9 plants
35 creatures vanquished.

Grand Total: 908 creatures vanquished

Notes
Turn   | Place    | Note
-------+----------+-------------------------------------------
     0 | D:1      | GuyDeFluk the Gargoyle Fighter began the quest for the Orb.
     0 | D:1      | Reached XP level 1. HP: 14/14 MP: 1/1
   164 | D:1      | Reached XP level 2. HP: 14/19 MP: 2/2
   454 | D:1      | Reached XP level 3. HP: 23/23 MP: 3/3
  1431 | D:2      | Reached XP level 4. HP: 17/29 MP: 4/4
  1677 | D:2      | Reached skill level 4 in Fighting
  1879 | D:2      | Found a faded altar of an unknown god.
  1879 | D:2      | Found a glowing silver altar of Zin.
  1884 | D:2      | Found a bloodstained altar of Trog.
  1900 | D:2      | Found a faded altar of an unknown god.
  1902 | D:2      | Found a glowing golden altar of the Shining One.
  2390 | D:3      | Reached XP level 5. HP: 31/33 MP: 5/5
  2464 | D:3      | Noticed wojtek's ghost (amateur DsFE)
  2492 | D:3      | Killed wojtek's ghost
  3059 | D:3      | Reached XP level 6. HP: 37/40 MP: 6/6
  3157 | D:3      | Reached skill level 5 in Fighting
  3447 | D:3      | Noticed Robin
  3483 | D:3      | Killed Robin
  4095 | D:4      | Reached skill level 5 in Armour
  4282 | D:4      | Reached XP level 7. HP: 44/44 MP: 7/7
  4368 | D:4      | Noticed a hungry ghost
  4392 | D:4      | Killed a hungry ghost
  4392 | D:4      | Reached skill level 6 in Fighting
  4392 | D:4      | Reached skill level 5 in Shields
  4753 | D:5      | Entered Level 5 of the Dungeon
  4776 | D:5      | Noticed Eustachio
  4819 | D:5      | Killed Eustachio
  4893 | D:5      | Reached XP level 8. HP: 52/52 MP: 8/8
  5163 | D:5      | Reached skill level 7 in Fighting
  5269 | D:5      | Noticed Menkaure
  5282 | D:5      | Killed Menkaure
  5613 | D:5      | Noticed Grinder
  5639 | D:5      | Killed Grinder
  5639 | D:5      | Reached skill level 8 in Fighting
  5639 | D:5      | Reached skill level 5 in Maces & Flails
  5970 | D:6      | Reached XP level 9. HP: 59/59 MP: 9/9
  6023 | D:6      | Noticed derrymb's ghost (novice GnWz)
  6479 | D:6      | Found a runed door.
  6488 | D:6      | Found a runed door.
  6682 | D:6      | Found a hazy altar of Hepliaklqana.
  7149 | D:6      | Reached skill level 9 in Fighting
  7252 | D:6      | Found a staircase to the Ecumenical Temple.
  7267 | Temple   | Entered the Ecumenical Temple
  7348 | Temple   | Became a worshipper of Warmaster Okawaru
  7568 | D:6      | Killed derrymb's ghost
  7788 | D:6      | Reached * piety under Okawaru
  7976 | D:6      | Reached XP level 10. HP: 68/68 MP: 10/10
  8030 | D:7      | Reached skill level 10 in Fighting
  8099 | D:7      | Reached ** piety under Okawaru
  9178 | D:8      | Noticed a two-headed ogre
  9187 | D:8      | Killed a two-headed ogre
  9187 | D:8      | Reached skill level 11 in Fighting
  9241 | D:8      | Reached *** piety under Okawaru
  9358 | D:8      | Found a burning altar of Makhleb.
 10055 | D:9      | Reached XP level 11. HP: 66/74 MP: 11/11
 10074 | D:9      | Found a burning altar of Makhleb.
 10409 | D:9      | Reached **** piety under Okawaru
 10634 | D:9      | Reached skill level 12 in Fighting
 10658 | D:9      | Found a staircase to the Orcish Mines.
 11014 | D:9      | Found a snail-covered altar of Cheibriados.
 11053 | D:9      | Found a staircase to the Lair.
 11139 | D:10     | Entered Level 10 of the Dungeon
 11144 | D:10     | Noticed a six-headed hydra
 11589 | D:9      | Killed a six-headed hydra
 11589 | D:9      | Reached ***** piety under Okawaru
 12351 | D:10     | Received a gift from Okawaru
 12766 | D:11     | Noticed a cyclops
 12779 | D:11     | Reached skill level 10 in Armour
 12788 | D:11     | Killed a cyclops
 12881 | D:11     | Reached skill level 13 in Fighting
 12936 | D:11     | Noticed a green ugly thing
 12945 | D:11     | Killed a green ugly thing
 12945 | D:11     | Reached skill level 10 in Shields
 12945 | D:11     | Reached XP level 12. HP: 84/84 MP: 12/12
 13126 | D:11     | Noticed PipsiMox's ghost (journeyman MiFi)
 13181 | D:11     | Killed PipsiMox's ghost
 13647 | D:11     | Got a pair of translucent boots
 13653 | D:11     | Identified the +0 pair of boots of Bad Feelings {rElec MR- Str+9 Dex-4} (You found it on level 11 of the Dungeon)
 13693 | D:11     | Found a shimmering altar of Xom.
 14031 | Lair:1   | Entered Level 1 of the Lair of Beasts
 15709 | Lair:2   | Reached skill level 14 in Fighting
 15735 | Lair:2   | Received a gift from Okawaru
 15778 | Lair:2   | Got a spiked plate armour {god gift}
 15789 | Lair:2   | Identified the +0 plate armour of Bosees {Int+4 Stlth+} (Okawaru gifted it to you on level 2 of the Lair of Beasts)
 16691 | Lair:2   | Reached XP level 13. HP: 82/91 MP: 13/13
 17086 | Lair:2   | Reached skill level 10 in Maces & Flails
 17764 | Lair:3   | Found a staircase to the Snake Pit.
 18014 | Lair:3   | Reached skill level 15 in Fighting
 19710 | Lair:4   | Noticed Kirke
 20660 | Lair:5   | Received a gift from Okawaru
 20682 | Lair:5   | Identified a +1 pair of boots of running (Okawaru gifted it to you on level 5 of the Lair of Beasts)
 22029 | Lair:5   | Gained mutation: Your large and strong wings let you fly indefinitely. [Gargoyle growth]
 22029 | Lair:5   | Reached XP level 14. HP: 74/99 MP: 14/14
 22076 | Lair:5   | Found a staircase to the Slime Pits.
 22208 | Lair:6   | Entered Level 6 of the Lair of Beasts
 22510 | Lair:6   | Reached skill level 16 in Fighting
 24860 | D:12     | Found a radiant altar of Vehumet.
 24885 | D:12     | Received a gift from Okawaru
 27335 | D:12     | Reached skill level 17 in Fighting
 27631 | Orc:1    | Entered Level 1 of the Orcish Mines
 28036 | D:9      | Received a gift from Okawaru
 28332 | Orc:2    | Entered Level 2 of the Orcish Mines
 28962 | Orc:2    | Found a staircase to the Elven Halls.
 29137 | Orc:2    | Noticed an orc warlord
 29174 | Orc:2    | Killed an orc warlord
 29174 | Orc:2    | Reached XP level 15. HP: 67/107 MP: 12/15
 29577 | Orc:2    | Paralysed by an orc sorcerer for 6 turns
 30132 | Orc:1    | Paralysed by an orc sorcerer for 2 turns
 30522 | Orc:2    | Received a gift from Okawaru
 30530 | Orc:2    | Got a bloodstained flail {god gift}
 30632 | Orc:2    | Identified the +9 flail "Waibed" {crush, rElec Str+3 Int+6} (Okawaru gifted it to you on level 2 of the Orcish Mines)
 31008 | Orc:2    | Found Anokhoas's Food Emporium.
 31012 | Orc:2    | Found Ziariynk's Food Boutique.
 31020 | Orc:2    | Found Zimulel's General Store.
 31022 | Orc:2    | Found Banish's Magic Scroll Emporium.
 31091 | Orc:2    | Bought the +6 ring mail of the Eight of Wands {+Inv rN++ Int+2} for 940 gold pieces
 31104 | Orc:2    | Bought a scroll of identify for 30 gold pieces
 31104 | Orc:2    | Bought a scroll of fear for 52 gold pieces
 31104 | Orc:2    | Bought a scroll of identify for 30 gold pieces
 31104 | Orc:2    | Bought a scroll of enchant weapon for 112 gold pieces
 31365 | D:13     | Found a gate to the Vaults.
 31777 | D:13     | Received a gift from Okawaru
 31807 | D:13     | Reached ****** piety under Okawaru
 31988 | D:13     | Reached skill level 18 in Fighting
 32264 | D:13     | Noticed Azrael
 32338 | D:13     | Killed Azrael
 32851 | D:14     | Found an ancient bone altar of Kikubaaqudgha.
 34451 | D:14     | Found Getangits's Weapon Emporium.
 34690 | D:14     | Got a faintly glowing giant spiked club
 34701 | D:14     | Identified the +10 giant spiked club of Descent {crush, rElec Dex+2 Stlth-} (You found it on level 14 of the Dungeon)
 34740 | D:14     | Found an ornate altar of the Wu Jian Council.
 35047 | D:15     | Entered Level 15 of the Dungeon
 35388 | D:15     | Reached XP level 16. HP: 107/116 MP: 16/16
 36138 | D:15     | Found an ornate altar of the Wu Jian Council.
 36317 | D:15     | Slain by a two-headed ogre

Skill      XL: |  1  2  3  4  5  6  7  8  9 10 11 12 13 14 15 16 |
---------------+-------------------------------------------------+-----
Armour         | 4 5 6 7 8 10 11 12 13 14 | 14.2
Fighting       | 4 5 6 8 9 11 13 14 15 17 18 | 18.7
Shields        | 4 5 6 7 8 10 11 12 13 14 | 14.1
Maces & Flails | 3 4 5 6 7 8 9 10 11 12 | 12.9
Dodging        | |  0.1

Action                   |  1- 3 |  4- 6 |  7- 9 | 10-12 | 13-15 | 16-18 || total
-------------------------+-------+-------+-------+-------+-------+-------++-------
Melee: Flail             |   148 |   255 |   410 |  1201 |  1520 |       ||  3534
       Unarmed           |       |       |       |       |     7 |       ||     7
       Morningstar       |       |       |       |       |   912 |   151 ||  1063
Throw: Javelin           |       |    64 |    43 |    12 |   107 |       ||   226
       Tomahawk          |       |       |       |    13 |   151 |     1 ||   165
Invok: Heroism           |       |       |       |    10 |    26 |     1 ||    37
 Abil: Evoke Invisibilit |       |       |       |       |     2 |       ||     2
       Fly               |       |       |       |       |     1 |       ||     1
  Use: Scroll            |     7 |     7 |     5 |    10 |    23 |     3 ||    55
       Potion            |       |       |     1 |       |     5 |     1 ||     7
 Stab: Invisible         |       |       |       |       |     1 |       ||     1
  Eat: Ration            |     1 |     1 |     5 |     4 |       |       ||    11
       Chunk             |       |     7 |     3 |    49 |    64 |       ||   123
Armor: Scale mail        |   119 |   108 |   128 |       |       |       ||   355
       Plate armour      |       |       |    77 |   783 |  1137 |       ||  1997
       Ring mail         |       |       |       |       |   249 |    66 ||   315
Dodge: Dodged            |    60 |    74 |   109 |   286 |   655 |    57 ||  1241
Block: Shield            |   114 |   186 |   233 |   898 |  1916 |   133 ||  3480
